 Dungeon Crawl Stone Soup version 0.31-a0-174-g85c54bcb58 (webtiles) character file.

Game seed: 13840658864919578169

30 qw the Shooter (level 3, 0/22 (32) HPs)
             Began as a Naga Hunter on June 15, 2023.
             Slain by a goblin
             ... wielding a +0 dagger
             ... led by Robin
              (1 damage)
             ... on level 2 of the Dungeon.
             The game lasted 00:00:18 (844 turns).

qw the Shooter (Naga Hunter)                         Turns: 844, Time: 00:00:18

HP:   0/22 (32)     AC:  2    Str: 13    XL:     3   Next: 20%
MP:   3/3           EV:  9    Int:  9    God:
Gold: 29            SH:  0    Dex: 16    Spells: 2/2 levels left

rFire   . . .        Y - +1 shortbow
rCold   . . .        (shield currently unavailable)
rNeg    . . .        c - +0 leather armour
rPois   +            (no helmet)
rElec   .            (no cloak)
rCorr   .            (no gloves)
SInv    +            (no barding)
Will    .....        (no amulet)
Stlth   ++           (no ring)
HPRegen 0.23/turn    (no ring)
MPRegen 0.08/turn

%: no passive effects
@: short of breath, very heavily drained, very slow
A: AC +1, large, see invisible, deformed body, poison resistance, slowness 2,
spit poison 1, naga tail 1
a: Spit Poison


You were on level 2 of the Dungeon.
You visited 1 branch of the dungeon, and saw 2 of its levels.

You collected 29 gold pieces.


Innate Abilities, Weirdness & Mutations

Your serpentine skin is tough. (AC +1)
You have supernaturally acute eyesight. (SInv)
Armour fits poorly on your strangely shaped body.
Your system is resistant to poisons. (rPois)
You cover ground very slowly.
You can spit poison.
You have a snake-like lower body.


   Skills:
 - Level 2.0 Fighting
 + Level 4.5 Ranged Weapons
 - Level 1.5 Dodging
 - Level 1.5 Stealth


You had 2 spell levels left.
You didn't know any spells.
Your spell library was empty.

Inventory:

Hand Weapons
 Y - a +1 shortbow (weapon)
Armour
 c - a +0 leather armour (worn)
Scrolls
 a - a scroll of identify

Dungeon Overview and Level Annotations

Branches:
Dungeon (2/15)

Altars:

Annotations:
D:2 Natasha, Robin


Message History

The goblin is moderately wounded.
The goblin hits you with a +0 dagger. Robin throws the goblin at you!
The goblin hits you but does no damage.
You feel drained. The goblin hits you with a +0 dagger.
You shoot an arrow. The arrow completely misses the goblin.
The goblin hits you but does no damage. The goblin hits you with a +0 dagger.
The goblin hits you but does no damage. The goblin hits you with a +0 dagger.
The goblin hits you but does no damage.
You feel drained.
You shoot an arrow. The arrow hits the goblin!
You kill the goblin!
You have got your breath back.
Robin says, "Bow before me, strongest of all the hobgoblins!"
Robin closely misses you. The goblin hits you but does no damage.
You feel drained. The goblin hits you with a +0 dagger.
840 ||| INVOKING Spit Poison.
Aiming: Spit Poison (2% risk of failure)
Press: ? - help, Shift-Dir - straight line, f - Robin The splash of poison misses Robin.
Robin hits you but does no damage. The goblin barely misses you. x2
You shoot an arrow. The arrow hits Robin.
Robin is lightly wounded.
Natasha, Servant of Life and Death comes into view.
Robin hits you but does no damage. The goblin barely misses you.
The goblin hits you with a +1 dagger of draining.
You feel drained.
842 ||| Stepping ~*~*~tactically~*~*~ (outnumbered).
Robin attacks as you move away! Robin hits you but does no damage.
The goblin attacks as you move away!
The goblin hits you with a +1 dagger of draining.
You feel drained. The goblin closely misses you.
You shoot an arrow. The arrow hits Robin.
Robin is lightly wounded.
The goblin hits you with a +0 dagger.
You shoot an arrow. The arrow hits Robin!
Robin is heavily wounded.
The goblin hits you but does no damage.
The goblin hits you with a +1 dagger of draining.
You feel drained. The goblin hits you with a +0 dagger.
You die...

###### ......
h.#######......
>...g.gr)......
#gg......
#@g......
###....#####.
#......#....
#.###.....###
#.# #........
#.# #........
#.###........
#...<.....##.
########.....#


You could see Robin, a quokka and 3 goblins.

Vanquished Creatures
  A dart slug (D:1)
  2 endoplasms (D:1)
  7 goblins
  2 hobgoblins (D:2)
  5 kobolds (D:1)
  2 quokkas (D:1)
  3 ball pythons (D:1)
  3 frilled lizards (D:1)
  A rat (D:1)
26 creatures vanquished.

Notes
Turn   | Place    | Note
-------+----------+-------------------------------------------
     0 | D:1      | qw the Naga Hunter began the quest for the Orb.
     0 | D:1      | Reached XP level 1. HP: 19/19 MP: 1/1
     0 | D:1      | 0 ||| qw: Version: 0.2-a-29-g511e9b1
     0 | D:1      | 0 ||| qw: Game counter: 5321
     0 | D:1      | 0 ||| qw: Always use a shield: true
     0 | D:1      | 0 ||| qw: God list: Okawaru
     0 | D:1      | 0 ||| qw: Allow faded altars: false
     0 | D:1      | 0 ||| qw: Do Orc after D:15 true
     0 | D:1      | 0 ||| qw: Do second Lair branch before Depths: true
     0 | D:1      | 0 ||| qw: Lair rune preference: random
     0 | D:1      | 0 ||| qw: Plans: Normal
     0 | D:1      | 0 ||| PLANNING D:1-11
    14 | D:1      | 14 ||| INVOKING Spit Poison.
    33 | D:1      | 33 ||| INVOKING Spit Poison.
    38 | D:1      | 38 ||| INVOKING Spit Poison.
    70 | D:1      | 70 ||| INVOKING Spit Poison.
   230 | D:1      | 230 ||| INVOKING Spit Poison.
   235 | D:1      | 235 ||| INVOKING Spit Poison.
   291 | D:1      | 291 ||| INVOKING Spit Poison.
   322 | D:1      | 322 ||| INVOKING Spit Poison.
   323 | D:1      | Reached skill level 4 in Ranged Weapons
   323 | D:1      | Reached XP level 2. HP: 26/26 MP: 2/2
   345 | D:1      | 345 ||| INVOKING Spit Poison.
   360 | D:1      | 360 ||| INVOKING Spit Poison.
   370 | D:1      | 370 ||| INVOKING Spit Poison.
   374 | D:1      | 374 ||| INVOKING Spit Poison.
   508 | D:1      | 508 ||| INVOKING Spit Poison.
   546 | D:1      | 546 ||| INVOKING Spit Poison.
   614 | D:1      | 614 ||| INVOKING Spit Poison.
   712 | D:1      | Found a faded altar of an unknown god.
   741 | D:1      | 741 ||| INVOKING Spit Poison.
   778 | D:1      | 778 ||| READING 2 scrolls labelled HAK ZOGHER.
   779 | D:1      | 779 ||| READING scroll labelled RIRYLE KAUVALO.
   780 | D:1      | 780 ||| READING scroll labelled QOARHEUXAM.
   785 | D:1      | 785 ||| READING scroll labelled XIYCUXALOI.
   786 | D:1      | 786 ||| READING scroll labelled FUITO GABIES.
   787 | D:1      | 787 ||| DROPPING scroll of butterflies.
   822 | D:2      | 822 ||| INVOKING Spit Poison.
   827 | D:2      | 827 ||| INVOKING Spit Poison.
   828 | D:2      | Reached XP level 3. HP: 31/32 MP: 3/3
   832 | D:2      | Noticed Robin
   833 | D:2      | 833 ||| INVOKING Spit Poison.
   840 | D:2      | 840 ||| INVOKING Spit Poison.
   841 | D:2      | Noticed Natasha
   842 | D:2      | 842 ||| Stepping ~*~*~tactically~*~*~ (outnumbered).
   842 | D:2      | HP: 5/23 [goblin/+1 dagger of draining[Robin] (2)]
   844 | D:2      | HP: 2/23 [goblin/+1 dagger of draining[Robin] (3)]
   844 | D:2      | Slain by a goblin

Levels and vault maps discovered:
D:1:      lemuel_arrival_behind_the_door_small, layout_loops_ring,
          dilly_ecumenical_altar_fadedgnrine, grunt_decor_mini_mirrors,
          serial_park_tiny_1
D:2:      layout_basic, basic_altar, uniq_robin, uniq_natasha

Skill      XL: |  1 |
---------------+----+-----
Ranged Weapons | 4 |  4.5
Fighting       | |  2.0
Dodging        | |  1.5
Stealth        | |  1.5

Action                     || total
---------------------------++-------
   Fire: Shortbow          ||    47
Ability: Spit Poison       ||    20
    Use: Scroll            ||     5
 Armour: Leather armour    ||    13
  Dodge: Dodged            ||    12

Table legend:
 A = Non-vault XP
 B = Vault XP
 C = Vault XP percentage of total XP
 D = Non-vault monster count
 E = Vault monster count
 F = Vault count percentage of total count
                 A         B        C        D         E       F
            +---------+---------+-------+---------+---------+-------
      Total |      32 |      12 |  27.3 |      20 |       6 |  23.1
            +---------+---------+-------+---------+---------+-------
        D:1 |      32 |       0 |   0.0 |      20 |       0 |   0.0
        D:2 |       0 |      12 | 100.0 |       0 |       6 | 100.0
            +---------+---------+-------+---------+---------+-------
